 Dungeon Crawl Stone Soup version 0.31-a0-1163-gcee99d1eea (webtiles) character file.

Game seed: 2532697638827425935

2027 James the Grappler (level 9, -3/58 HPs)
             Began as an Octopode Shapeshifter on Dec 9, 2023.
             Was a Priest of Uskayaw.
             Slain by a wyvern zombie (15 damage)
             ... on level 7 of the Dungeon.
             The game lasted 00:15:45 (7105 turns).

James the Grappler (Octopode Shapeshifter)          Turns: 7105, Time: 00:15:45

Health: -3/58      AC:  1    Str: 17    XL:     9   Next: 23%
Magic:  9/9        EV: 14    Int: 13    God:    Uskayaw [***...]
Gold:   343        SH:  0    Dex: 11    Spells: 8/8 levels left

rFire   + .          .
                       - Unarmed
rCold   . . .        (no shield)
rNeg    . . .        (helmet currently unavailable)
rPois   +            x - amulet of the acrobat
rElec   .            z - ring of see invisible
rCorr   .            l - ring "Haasyfoi" {rPois rF+ Slay+5}
SInv    +            (no ring)
Will    .....        (no ring)
Stlth   ++           (no ring)
HPRegen 0.29/turn    (no ring)
MPRegen 0.11/turn    (no ring)
                     (no ring)

%: acrobat
@: beast-form, studying Spellcasting
A: beast (slay +4), almost no armour, amphibious, 8 rings, camouflage 1,
gelatinous body 1, (nimble swimmer 1), tentacles
a: Begin Untransformation, Renounce Religion, Stomp, Line Pass


You were on level 7 of the Dungeon.
You worshipped Uskayaw.
Uskayaw was noncommittal.
You were a hulking beast.
You visited 2 branches of the dungeon, and saw 8 of its levels.
You also visited: Ossuary.

You collected 343 gold pieces.

Inventory:

Missiles
 q - 46 stones
 y - 9 boomerangs (quivered)
Armour
 v - a +0 kite shield
   (You found it on level 5 of the Dungeon)
Jewellery
 i - a ring of fire
   (You found it on level 5 of the Dungeon)
 l - the ring "Haasyfoi" (right tentacle) {rPois rF+ Slay+5}
   (You found it on level 2 of the Dungeon)

   [ring of protection from fire]

   Slay+5:    It affects your accuracy & damage with ranged weapons and melee
   (+5).
   rF+:       It protects you from fire.
   rPois:     It protects you from poison
 p - a ring of ice
   (You found it on level 2 of the Dungeon)
 x - an amulet of the acrobat (around mantle)
   (You found it on level 6 of the Dungeon)
 z - a ring of see invisible (left tentacle)
   (You found it on level 1 of the Dungeon)
 F - a ring of ice
   (You found it on level 7 of the Dungeon)
Talismans
 b - a beast talisman
 c - a flux talisman
 e - a maw talisman
   (You found it on level 4 of the Dungeon)
Wands
 d - a wand of iceblast (7)
   (You found it on level 7 of the Dungeon)
 t - a wand of flame (24)
   (You took it off an orc on level 6 of the Dungeon)
 u - a wand of paralysis (26)
   (You found it on level 6 of the Dungeon)
Scrolls
 h - 2 scrolls of identify {@r1}
 n - 6 scrolls of teleportation {@r4}
 r - a scroll of noise {unknown}
 w - a scroll of fear
 A - a scroll of torment {!r}
 B - 2 scrolls of silence {unknown}
 C - a scroll of enchant weapon {unknown}
 D - a scroll of poison
Potions
 a - a potion of lignification {!q}
 f - 3 potions of heal wounds {@q2}
 g - a potion of might
 j - 5 potions of curing {@q1}
 k - 3 potions of ambrosia
 m - a potion of enlightenment
 o - a potion of cancellation
 s - a potion of magic
 E - a potion of invisibility {unknown}


   Skills:
 - Level 4.0 Fighting
 - Level 4.0 Dodging
 + Level 8.6 Unarmed Combat
 - Level 7.0 Shapeshifting


You had 8 spell levels left.
You didn't know any spells.
Your spell library contained the following spells:

 Spells                   Type           Power      Damage    Failure   Level
 Kiss of Death            Conj/Necr      0%         2d5       30%         1
 Necrotise                Necr           0%         1d4       30%         1
 Sting                    Tmut/Pois      0%         1d3       30%         1
 Summon Small Mammal      Summ           0%         N/A       30%         1
 Call Imp                 Summ           0%         N/A       43%         2
 Poisonous Vapours        Pois/Air       0%         N/A       43%         2
 Wereblood                Tmut           0%         N/A       43%         2
 Call Canine Familiar     Summ           0%         N/A       67%         3
 Confusing Touch          Hex            0%         N/A       67%         3
 Ignite Poison            Fire/Tmut/Pois 0%         N/A       67%         3
 Summon Guardian Golem    Hex/Summ       0%         N/A       67%         3
 Vampiric Draining        Necr           0%         2d6       67%         3
 Dispel Undead            Necr           0%         3d6       97%         4
 Olgreb's Toxic Radiance  Pois           0%         N/A       97%         4
 Agony                    Necr           0%         N/A       100%        5
 Alistair's Intoxication  Tmut/Pois      0%         N/A       100%        5
 Irradiate                Conj/Tmut      0%         3d11      100%        5


Dungeon Overview and Level Annotations

Branches:
Dungeon (7/15)             Temple (1/1) D:4         Ossuary (visited)

Altars:
Cheibriados
Dithmenos
Elyvilon
Fedhas
Gozag
Hepliaklqana
Makhleb
Nemelex Xobeh
Okawaru
Qazlal
Ru
Sif Muna
Trog
Uskayaw
Vehumet
Wu Jian
Xom
Yredelemnul
Zin

Shops:
D:2 :


Innate Abilities, Weirdness & Mutations

You are a hulking beast.
Your limbs bulge with bestial killing power. (Slay +4)
You cannot wear most types of armour.
You are amphibious.
You can wear up to eight rings at the same time.
Your skin changes colour to match your surroundings (Stealth+).
Your rubbery body absorbs attacks. (AC +1, EV +1)
((You are camouflaged when in or above water. (Stealth+)))
You have tentacles for arms and can constrict up to eight enemies at once.


Message History

A centaur zombie comes into view.
You tentacle-slap the wyvern zombie. x2; You squeeze the wyvern zombie!
The wyvern zombie closely misses you.
You tentacle-slap the wyvern zombie. You squeeze the wyvern zombie!
The wyvern zombie misses you.
You tentacle-slap the wyvern zombie. You squeeze the wyvern zombie!
You destroy the wyvern zombie!
You can now pass through a line of other dancers.
The centaur zombie hits you.
The centaur zombie completely misses you.
You bludgeon the centaur zombie!
The centaur zombie barely misses you. x2
The centaur zombie hits you.
The centaur zombie completely misses you.
You bludgeon the centaur zombie! The wyvern zombie bites you.
The centaur zombie closely misses you. The centaur zombie kicks you.
The wyvern zombie bites you!
You barely miss the centaur zombie. The centaur zombie hits you.
The centaur zombie kicks you. The wyvern zombie bites you.
You bludgeon the centaur zombie!
You destroy the centaur zombie!
The wyvern zombie bites you!
* * * LOW HITPOINT WARNING * * *
The wyvern zombie completely misses you.
The wyvern zombie attacks as it pursues you!
The wyvern zombie completely misses you.
You bludgeon the wyvern zombie! You squeeze the wyvern zombie!
The wyvern zombie closely misses you.
You bludgeon the wyvern zombie! Your squeeze misses the wyvern zombie.
The wyvern zombie misses you.
Uskayaw will force your foes to helplessly watch your dance.
Uskayaw prepares the audience for your solo!
The helpless wyvern zombie fails to defend itself.
You batter the wyvern zombie!!
You destroy the wyvern zombie!
The howler monkey zombie is no longer paralysed.
The howler monkey zombie completely misses you.
A wyvern zombie comes into view.
You bludgeon the howler monkey zombie! You grab the howler monkey zombie.
You squeeze the howler monkey zombie! You constrict the howler monkey zombie.
You destroy the howler monkey zombie!
Uskayaw prepares the audience for your solo!
The wyvern zombie is no longer paralysed.
The wyvern zombie completely misses you.
You barely miss the wyvern zombie. The wyvern zombie bites you.
* * * LOW HITPOINT WARNING * * *
You tentacle-slap the wyvern zombie. The wyvern zombie closely misses you.
You bludgeon the wyvern zombie! The wyvern zombie bites you!
* * * LOW HITPOINT WARNING * * *
The wyvern zombie bites you!
You die...

##♣♣♣ ###########.♣.♣
...........♣.♣
####......♣.♣.♣♣
#.....♣..♣...
#......)..._. ♣♣
#.....♣.♣♣...♣♣.♣
#.....♣♣..♣♣♣hZ♣
#.........♣.♣.♣......
#.......♣♣.♣..♣ #####
######'##.##♣♣.♣♣#
.......##.##...#.#
....#####.##...#.#
###.#####.##...#.##
..................##
..........##...#...#


You could see a wyvern zombie.

Vanquished Creatures
  A steam dragon (D:6)
  A water moccasin (D:6)
  An orc warrior (D:6)
  2 black bears
  2 ogres
  A phantom (D:4)
  A bullfrog (D:7)
  3 scorpions
  3 wyvern zombies (D:7)
  2 wights (D:7)
  A howler monkey (D:4)
  A centaur zombie (D:7)
  A jelly (D:4)
  2 sleepcaps
  3 hounds
  2 human zombies (Ossuary)
  2 iguanas
  3 orc wizards
  A hound zombie (Ossuary)
  4 mummies (Ossuary)
  A howler monkey zombie (D:7)
  6 adders
  A gnoll (D:4)
  2 shadow imps
  2 white imps
  4 ufetubi
  An adder zombie (Ossuary)
  2 worms
  3 dart slugs
  21 orcs
  9 bats
  5 endoplasms
  4 giant cockroaches
  2 gnoll zombies (Ossuary)
  6 goblins
  6 hobgoblins
  13 jackals
  7 kobolds
  2 quokkas
  6 ball pythons
  2 frilled lizards
  A goblin zombie (Ossuary)
  A hobgoblin zombie (Ossuary)
  A kobold zombie (Ossuary)
  An orc zombie (Ossuary)
  3 rats
  2 rat zombies (Ossuary)
151 creatures vanquished.

Notes
Turn   | Place    | Note
-------+----------+-------------------------------------------
     0 | D:1      | James the Octopode Shapeshifter began the quest for the
                  | Orb.
     0 | D:1      | Reached XP level 1. HP: 13/13 MP: 1/1
   216 | D:1      | Found a faded altar of an unknown god.
   276 | D:1      | Reached XP level 2. HP: 18/18 MP: 2/2
   580 | D:1      | Reached skill level 4 in Unarmed Combat
   730 | D:1      | Reached XP level 3. HP: 23/23 MP: 3/3
   903 | D:2      | Found Qoteaptuta's Weapon Emporium.
   912 | D:2      | Identified the ring "Haasyfoi" {rPois rF+ Slay+5}
  1237 | D:2      | Reached XP level 4. HP: 28/28 MP: 4/4
  1292 | D:2      | Found Icuttun's Book Shop.
  1295 | D:2      | Reached skill level 5 in Unarmed Combat
  1755 | D:3      | Noticed a black bear
  1763 | D:3      | Killed a black bear
  1764 | D:3      | Reached XP level 5. HP: 24/36 MP: 5/5
  2298 | D:4      | Found a white marble altar of Elyvilon.
  2385 | D:4      | Reached XP level 6. HP: 42/42 MP: 6/6
  3323 | D:4      | Found a staircase to the Ecumenical Temple.
  3478 | Temple   | Entered the Ecumenical Temple
  3487 | Temple   | Became a worshipper of Uskayaw the Reveller
  3514 | D:5      | Entered Level 5 of the Dungeon
  3541 | D:5      | Reached * piety under Uskayaw
  3545 | D:5      | Got the Codex of the Familiar Shift
  3559 | D:5      | Found an iron altar of Okawaru.
  3585 | D:5      | Noticed a black bear
  3591 | D:5      | Reached ** piety under Uskayaw
  3593 | D:5      | Killed a black bear
  3593 | D:5      | Reached *** piety under Uskayaw
  3594 | D:5      | Reached XP level 7. HP: 38/48 MP: 7/7
  3774 | D:4      | Reached skill level 6 in Unarmed Combat
  4589 | D:5      | Found an iron altar of Okawaru.
  4831 | D:5      | Reached skill level 5 in Shapeshifting
  5063 | D:6      | Noticed a steam dragon
  5099 | D:6      | Reached XP level 8. HP: 52/54 MP: 8/8
  5275 | D:6      | Reached skill level 7 in Unarmed Combat
  6531 | D:7      | Reached skill level 8 in Unarmed Combat
  6641 | D:7      | Found a basalt altar of Yredelemnul.
  6657 | D:7      | Reached XP level 9. HP: 44/58 MP: 9/9
  6672 | D:7      | Found a sand-covered staircase.
  6697 | Ossuary  | Entered an ossuary
  6734 | Ossuary  | Reached **** piety under Uskayaw
  6740 | Ossuary  | Reached ***** piety under Uskayaw
  7054 | D:7      | Found an opulent altar of Gozag.
  7105 | D:7      | Slain by a wyvern zombie

Illustrated notes

Levels and vault maps discovered:
D:1:      dpeg_arrival_arbitrary_b, layout_basic,
          dreamdust_ecumenical_altar_grove
D:2:      layout_loops_cross, serial_shops, shop, nicolae_book_shop_shelving
D:3:      layout_basic
D:4:      minmay_angry_zag, layout_layer_cave, lemuel_doored_altar,
          temple_green, hangedman_decor_points, nicolae_kite_square_tiling_tiny
D:5:      layout_rooms, hellmonk_okawaru_the_only_friend_you_need, serial_glass,
          glass_columns_a, glass_columns_c, glass_columns_b, glass_columns_a,
          glass_columns_c, glass_columns_a, glass_columns_a, glass_columns_a
D:6:      layout_cave_pools
D:7:      layout_basic, mainiacjoe_overflow_catwalk,
          nicolae_yredelemnul_corpse_copse, nicolae_ossuary_entry_monument,
          nicolae_wooded_promenade
Temple:   hellmonk_temple_of_storms

Skill      XL: |  1  2  3  4  5  6  7  8  9 |
---------------+----------------------------+-----
Unarmed Combat | 4 5 6 8 |  8.6
Fighting       | 3 4 |  4.0
Dodging        | 3 4 |  4.0
Shapeshifting  | 5 6 7 |  7.0

Action                     |  1- 3 |  4- 6 |  7- 9 || total
---------------------------+-------+-------+-------++-------
  Melee: Unarmed           |    56 |    87 |   137 ||   280
         Tentacles         |    11 |    18 |    37 ||    66
         Constrict         |     9 |    25 |    35 ||    69
         Punch             |     1 |     1 |     9 ||    11
  Throw: Dart              |       |     4 |     3 ||     7
         Stone             |       |     2 |       ||     2
         Boomerang         |       |       |     7 ||     7
    Use: Scroll            |       |    10 |     4 ||    14
   Stab: Sleeping          |     7 |     8 |     2 ||    17
         Paralysed         |       |       |     2 ||     2
 Armour: Skin              |    25 |    32 |    70 ||   127
  Dodge: Dodged            |    34 |    49 |    95 ||   178

Table legend: (Time is in decaauts)
 A = Elapsed time spent in this place.
 B = Non-inter-level travel time spent in this place.
 C = Inter-level travel time spent in this place.
 D = Time resting spent in this place.
 E = Time spent auto-exploring this place.
 F = Levels seen in this place.
 G = Mean time per level.
                   A        B        C        D        E       F      G
               +--------+--------+--------+--------+--------+-----+--------+
         Total |   7080 |   6561 |    519 |    561 |   4449 |   9 |  786.7 |
       Dungeon |   6771 |   6268 |    503 |    477 |   4362 |   7 |  967.3 |
        Temple |     18 |      2 |     16 |      0 |      0 |   1 |   18.0 |
       Ossuary |    290 |    290 |      0 |     84 |     87 |   1 |  290.0 |
               +--------+--------+--------+--------+--------+-----+--------+

Top non-repeatable levels by time:
     D:5: 1505 daAuts
     D:4: 1348 daAuts
     D:6: 1251 daAuts
     D:1: 965 daAuts
     D:2: 691 daAuts
     D:3: 662 daAuts
     D:7: 346 daAuts
 Ossuary: 290 daAuts
  Temple: 18 daAuts
